 Dungeon Crawl Stone Soup version 0.26-a0-707-g31817bcca1 (webtiles) character file.

Game seed: 17124282693908240059

32 jestyr24 the Conjurer (level 3, -7/25 HPs)
             Began as a Human Conjurer on Oct 26, 2020.
             Mangled by a worm (8 damage)
             ... on level 2 of the Dungeon.
             The game lasted 00:07:05 (1382 turns).

jestyr24 the Conjurer (Human Conjurer)              Turns: 1382, Time: 00:07:06

Health: -7/25      AC:  2    Str:  7    XL:     3   Next: 45%
Magic:  1/6        EV: 12    Int: 19    God:
Gold:   22         SH:  0    Dex: 11    Spells: 3/6 levels left

rFire    . . .     SeeInvis .   e - +0 whip
rCold    . . .     Faith    .   (no shield)
rNeg     . . .     Spirit   .   a - +0 robe
rPois    .         Reflect  .   (no helmet)
rElec    .         Harm     .   (no cloak)
rCorr    .         Rampage  .   (no gloves)
MR       .....                  (no boots)
Stlth    ++........             (no amulet)
HPRegen  0.08/turn              (no ring)
MPRegen  0.10/turn              (no ring)

@: no status effects
A: no striking features
a: no special abilities


You were on level 2 of the Dungeon.
You visited 1 branch of the dungeon, and saw 2 of its levels.

You collected 22 gold pieces.

Inventory:

Hand Weapons
 e - a +0 whip (weapon)
 h - a +0 dagger
Missiles
 i - 6 curare-tipped darts (quivered)
Armour
 a - a +0 robe (worn)
Scrolls
 c - a scroll of fog {unknown}
 f - a scroll of identify {unknown}
 g - a scroll of immolation {unknown}
Potions
 b - a potion of lignification {unknown}
 d - a potion of invisibility {unknown}


   Skills:
 * Level 0.4 Fighting
 + Level 2.1 Dodging
 + Level 2.0 Stealth
 + Level 2.1 Spellcasting
 + Level 4.7 Conjurations


You had 3 spell levels left.
You knew the following spells:

 Your Spells              Type           Power        Failure   Level
a - Magic Dart            Conj           ###.         2%          1
b - Searing Ray           Conj           ###...       3%          2

Your spell library contained the following spells:

 Spells                   Type           Power        Failure   Level
 Dazzling Flash           Conj/Hex       ##....       19%         3
 Fulminant Prism          Conj/Hex       ##........   52%         4
 Iskenderun's Mystic Bla  Conj/Tloc      ##......     52%         4


Dungeon Overview and Level Annotations

Branches:
Dungeon (2/15)

Altars:


Message History

The worm is severely wounded.
The jackal barely misses you. The jackal closely misses you.
The jackal barely misses you. The jackal bites you.
You hit the worm.
The worm is almost dead.
The jackal barely misses you. The jackal closely misses you.
The worm barely misses you.
You hit the worm but do no damage.
The worm is almost dead.
The jackal misses you. The jackal bites you. The worm bites you!
* * * LOW HITPOINT WARNING * * *
The jackal bites you.
* * * LOW HITPOINT WARNING * * *
The jackal completely misses you.
You hit the worm.
The worm is almost dead.
The jackal bites you.
* * * LOW HITPOINT WARNING * * *
The jackal closely misses you. The worm bites you!
You die...

#.# # #.<## .## #.... ..
#
############...###.##.#
...........#...#.....
.......>##.#...#...
###..#..##.#...#h####..#
####.#....†#..)h@w.....#
........#####.#........#
####....#.........######
...............^.....
##....#.#......#....#
........###.........#
....##..###.#######.#
............).......#
....###.####.#######


You could see a worm and 2 jackals.

Vanquished Creatures
  3 dart slugs (D:1)
  A ball python (D:1)
  2 bats (D:1)
  2 giant cockroaches
  2 goblins (D:1)
  2 jackals (D:2)
  5 kobolds
  5 frilled lizards
  6 rats
28 creatures vanquished.

Notes
Turn   | Place    | Note
-------+----------+-------------------------------------------
     0 | D:1      | jestyr24 the Human Conjurer began the quest for the Orb.
     0 | D:1      | Reached XP level 1. HP: 13/13 MP: 3/3
   204 | D:1      | Reached XP level 2. HP: 19/19 MP: 3/5
   523 | D:1      | Reached XP level 3. HP: 24/24 MP: 1/6
  1229 | D:2      | Learned a level 2 spell: Searing Ray
  1382 | D:2      | HP: 1/25 [jackal (2)]
  1382 | D:2      | Mangled by a worm

Illustrated notes

Levels and vault maps discovered:
D:1:      minmay_arrival_four_circles, layout_basic, minmay_misc_feat_ornament
D:2:      layout_basic, old_standard_altar, kennysheep_generic_room_14,
          uniq_natasha

Action                   || total
-------------------------++-------
Melee: Whip              ||    11
 Cast: Magic Dart        ||    53
Armor: Robe              ||     3
Dodge: Dodged            ||    23

Table legend: (Time is in decaauts)
 A = Elapsed time spent in this place.
 B = Non-inter-level travel time spent in this place.
 C = Inter-level travel time spent in this place.
 D = Time resting spent in this place.
 E = Time spent auto-exploring this place.
 F = Levels seen in this place.
 G = Mean time per level.
                   A        B        C        D        E       F      G
               +--------+--------+--------+--------+--------+-----+--------+
         Total |   1382 |   1315 |     67 |    266 |    865 |   2 |  691.0 |
       Dungeon |   1382 |   1315 |     67 |    266 |    865 |   2 |  691.0 |
               +--------+--------+--------+--------+--------+-----+--------+

Top non-repeatable levels by time:
     D:1: 1207 daAuts
     D:2: 174 daAuts
